 Dungeon Crawl Stone Soup version 0.29.1-1-gd02db6906a (webtiles) character file.

Game seed: 1935790227216546156

579 mtoz the Digger (level 7, -1/36 HPs)
             Began as a Gargoyle Earth Elementalist on Oct 2, 2022.
             Slain by an iguana (10 damage)
             ... on level 6 of the Dungeon.
             The game lasted 00:18:25 (5087 turns).

mtoz the Digger (Gargoyle Earth Elementalist)       Turns: 5087, Time: 00:18:25

Health: -1/36      AC:  9    Str: 12    XL:     7   Next: 36%
Magic:  7/11       EV: 12    Int: 17    God:
Gold:   233        SH:  0    Dex: 10    Spells: 6/12 levels left

rFire   . . .      SeeInvis .   (no weapon)
rCold   . . .      Faith    .   (no shield)
rNeg    + . .      Spirit   .   a - +1 robe
rPois   ∞          Reflect  .   f - +0 helmet
rElec   +          Harm     .   j - +0 cloak
rCorr   .          Rampage  .   (no gloves)
Will    .....                   (no boots)
Stlth   ++........              (no amulet)
HPRegen 0.12/turn               (no ring)
MPRegen 0.12/turn               (no ring)

@: no status effects
A: sickness immunity, AC +4, negative energy resistance 1, electricity
resistance, torment resistance 1, petrification resistance
a: no special abilities


You were on level 6 of the Dungeon.
You visited 1 branch of the dungeon, and saw 6 of its levels.

You collected 233 gold pieces.

Inventory:

Armour
 a - a +1 robe (worn)
 f - a +0 helmet (worn)
 j - a +0 cloak (worn)
Wands
 g - a wand of mindburst (18)
 l - a wand of charming (1)
Scrolls
 i - 2 scrolls of teleportation
 k - a scroll of blinking
 m - a scroll of fear
 n - a scroll of amnesia
 p - a scroll of magic mapping {unknown}
Potions
 b - 4 potions of might
 c - a potion of magic
 d - 2 potions of degeneration
 e - a potion of curing
 o - a potion of attraction
 q - a potion of flight


   Skills:
 + Level 2.8 Dodging
 + Level 4.0 Stealth
 + Level 3.2 Spellcasting
 + Level 2.7 Conjurations
 + Level 2.4 Transmutations
 + Level 5.0 Earth Magic
 + Level 2.2 Evocations


You had 6 spell levels left.
You knew the following spells:

 Your Spells              Type           Power      Damage    Failure   Level
a - Sandblast             Erth           38%        2d10      2%          1
b - Passwall              Tmut/Erth      12%        N/A       5%          2
c - Stone Arrow           Conj/Erth      30%        3d8       11%         3

Your spell library contained the following spells:

 Spells                   Type           Power      Damage    Failure   Level
 Petrify                  Tmut/Erth      15%        N/A       36%         4
 Tukima's Dance           Hex            2%         N/A       45%         3
 Passage of Golubria      Tloc           2%         N/A       86%         4
 Yara's Violent Unravell  Hex/Tmut       3%         3d4       96%         5


Dungeon Overview and Level Annotations

Branches:
Dungeon (6/15)
 Temple: D:4-7

Altars:
Gozag
Kikubaaqudgha

Shops:
D:2 :   D:3 *   D:4 ?

Annotations:
D:3 3 runed translucent doors, Domino's ghost, amateur MiBe


Innate Abilities, Weirdness & Mutations

You are immune to sickness and miasma.
Your stone body is resilient. (AC +4)
You are immune to poison.
You resist negative energy. (rN+)
You are resistant to electric shocks. (rElec)
You are resistant to unholy torment.
You are immune to petrification.


Message History

The ogre hits you with a +0 giant club!!
Ouch! That really hurt!
You climb downwards.
There is a stone staircase leading up here.
Aiming: Sandblast (safe; 2% risk of failure)
Press: ? - help, Q - select action, (/) - cycle Shift-Dir - straight line, f - ogre
Aim: an ogre, wielding a +0 giant club (91% to hit)
The blast of sand hits the ogre!
The ogre is moderately wounded.
The iguana barely misses you. The ogre hits you but does no damage.
The iguana barely misses you.
Aiming: Sandblast (safe; 2% risk of failure)
Press: ? - help, Q - select action, (/) - cycle Shift-Dir - straight line, f/p - ogre
Aim: an ogre, wielding a +0 giant club (moderately wounded, 91% to hit)
The blast of sand hits the ogre!
The ogre is severely wounded.
The ogre barely misses you. The iguana bites you.
Aiming: Sandblast (safe; 2% risk of failure)
Press: ? - help, Q - select action, (/) - cycle Shift-Dir - straight line, f/p - ogre
Aim: an ogre, wielding a +0 giant club (severely wounded, 91% to hit)
The blast of sand hits the ogre!
The ogre is almost dead.
The iguana bites you. The ogre barely misses you. The iguana misses you.
Aiming: Sandblast (safe; 2% risk of failure)
Press: ? - help, Q - select action, (/) - cycle Shift-Dir - straight line, f/p - ogre
Aim: an ogre, wielding a +0 giant club (almost dead, 91% to hit)
The blast of sand hits the ogre!
You kill the ogre!
The iguana bites you but does no damage.
Your Stealth skill increases to level 4!
Your Earth Magic skill increases to level 5!
Aiming: Sandblast (safe; 2% risk of failure)
Press: ? - help, Q - select action, (/) - cycle Shift-Dir - straight line, f - iguana
Aim: an iguana (84% to hit)
The blast of sand hits the iguana.
The iguana is moderately wounded.
The iguana barely misses you. The iguana bites you!
* * * LOW HITPOINT WARNING * * *
You feel better. The iguana bites you!
You die...

# ### ... ..#
#...# #.#
......#.##
#.....l@.#
....#..).......
. .......######
#..##.#.## #.
#.### # .. ##


You could see an iguana.

Vanquished Creatures
  An ice beast (D:5)
  An ogre (D:6)
  A hound (D:6)
  Crazy Yiuf (D:2)
  An iguana (D:5)
  3 orc wizards (D:4)
  3 gnolls (D:3)
  13 adders
  2 ufetubi
  4 worms (D:2)
  A dart slug (D:1)
  10 orcs
  12 ball pythons
  6 bats
  An endoplasm (D:3)
  6 goblins
  2 hobgoblins
  8 kobolds
  A quokka (D:2)
  4 frilled lizards
  5 rats
86 creatures vanquished.

Notes
Turn   | Place    | Note
-------+----------+-------------------------------------------
     0 | D:1      | mtoz the Gargoyle Earth Elementalist began the quest for
                  | the Orb.
     0 | D:1      | Reached XP level 1. HP: 10/10 MP: 3/3
   124 | D:1      | Found a faded altar of an unknown god.
   179 | D:1      | Reached skill level 1 in Transmutations
   179 | D:1      | Reached XP level 2. HP: 15/15 MP: 3/5
   700 | D:1      | You fall into a shaft and drop 1 floor!
   727 | D:2      | Reached XP level 3. HP: 12/19 MP: 0/6
  1053 | D:2      | Found Utsus's Book Shoppe.
  1183 | D:2      | Reached XP level 4. HP: 24/24 MP: 5/7
  1187 | D:2      | Reached skill level 1 in Conjurations
  1187 | D:2      | Reached skill level 4 in Earth Magic
  1462 | D:2      | Found a runed translucent door.
  1463 | D:2      | Noticed Crazy Yiuf
  1653 | D:2      | Reached skill level 1 in Evocations
  1962 | D:2      | Killed Crazy Yiuf
  1963 | D:2      | Reached XP level 5. HP: 6/28 MP: 0/8
  2259 | D:2      | Learned a level 2 spell: Passwall
  2746 | D:3      | Found an ancient bone altar of Kikubaaqudgha.
  2791 | D:3      | Reached XP level 6. HP: 28/32 MP: 5/10
  2908 | D:3      | Found a runed translucent gate.
  2908 | D:3      | Found a runed translucent gate.
  2908 | D:3      | Found a runed translucent gate.
  2911 | D:3      | Noticed Domino's ghost (amateur MiBe)
  3157 | D:3      | Found Datugy's Assorted Antiques.
  3795 | D:3      | Learned a level 3 spell: Stone Arrow
  4071 | D:4      | Found Ming's Magic Scroll Boutique.
  4629 | D:4      | Found an opulent altar of Gozag.
  4675 | D:5      | Entered Level 5 of the Dungeon
  4783 | D:5      | Noticed an ice beast
  4789 | D:5      | Killed an ice beast
  4790 | D:5      | Reached XP level 7. HP: 25/36 MP: 6/11
  5086 | D:6      | Reached skill level 5 in Earth Magic
  5087 | D:6      | Slain by an iguana

Illustrated notes

Levels and vault maps discovered:
D:1:      dpeg_arrival_tiny_j, layout_basic, shapermc_ecumenical_altar_pompeii,
          hangedman_decor_peaks_small
D:2:      layout_basic, serial_shops, nicolae_shop_stone, serial_bayou_pond_e,
          uniq_crazy_yiuf_cottage
D:3:      layout_basic, mainiacjoe_overflow_surrounded_room, serial_shops, shop,
          gammafunk_ghost_split, minivault_19, minmay_snake_closets
D:4:      layout_cave_pods, kennysheep_mini, serial_shops,
          nicolae_shop_competitors_out_of_business
D:5:      layout_gridville, nicolae_yredelemnul_ghost_church,
          chequers_serial_rivers_small_b, minmay_ruined_shrine
D:6:      layout_loops_corners, mainiacjoe_overflow_boulevard,
          grunt_ministairs_5

Skill      XL: |  1  2  3  4  5  6  7 |
---------------+----------------------+-----
Transmutations | 1 2 |  2.4
Conjurations   | 1 2 |  2.7
Earth Magic    | 4 5 |  5.0
Dodging        | 2 |  2.8
Stealth        | 3 4 |  4.0
Evocations     | 1 2 |  2.2
Spellcasting   | 3 |  3.2

Action                   |  1- 3 |  4- 6 |  7- 9 || total
-------------------------+-------+-------+-------++-------
 Cast: Sandblast         |    46 |   112 |    17 ||   175
Evoke: Wand              |       |     1 |       ||     1
  Use: Potion            |     1 |     6 |     2 ||     9
       Scroll            |     3 |     7 |     1 ||    11
Armor: Robe              |    16 |    23 |    24 ||    63
Dodge: Dodged            |    25 |    51 |    41 ||   117
